 Dungeon Crawl Stone Soup version 0.28-a0-984-g3775c662fe (webtiles) character file.

Game seed: 11418417217910318629

2731 timneilson the Covered (level 9, -7/79 HPs)
             Began as a Deep Dwarf Fighter on Dec 4, 2021.
             Was a Believer of Makhleb.
             Mangled by an orc warrior (12 damage)
             ... on level 7 of the Dungeon.
             The game lasted 00:13:52 (5380 turns).

timneilson the Covered (Deep Dwarf Fighter)         Turns: 5380, Time: 00:13:52

Health: -7/79      AC: 12    Str: 24    XL:     9   Next: 40%
Magic:  8/8        EV: 10    Int:  9    God:    Makhleb [**....]
Gold:   330        SH:  5    Dex: 12    Spells: 8/8 levels left

rFire   + . .      SeeInvis .   r - +4 long sword (elec)
rCold   . . .      Faith    .   c - +0 buckler
rNeg    . . .      Spirit   .   u - +0 chain mail
rPois   .          Reflect  .   (no helmet)
rElec   .          Harm     .   (no cloak)
rCorr   .          Rampage  .   k - +0 pair of gloves
Will    +....                   (no boots)
Stlth   ..........              (no amulet)
HPRegen 0.00/turn               i - ring of flight
MPRegen 0.11/turn               p - ring of protection from fire

@: flying
A: damage resistance, heal wounds, sense surroundings 2, no regeneration
a: Heal Wounds, Renounce Religion, Minor Destruction


You were on level 7 of the Dungeon.
You worshipped Makhleb.
Makhleb was pleased with you.
You visited 1 branch of the dungeon, and saw 8 of its levels.

You collected 330 gold pieces.

Inventory:

Hand Weapons
 a - a +1 long sword
 r - a +4 long sword of electrocution (weapon)
Armour
 c - a +0 buckler (worn)
 k - a +0 pair of gloves (worn)
 u - a +0 chain mail (worn)
Jewellery
 i - a ring of flight (left hand)
 p - a ring of protection from fire (right hand)
Wands
 m - a wand of flame (20)
 q - a wand of digging (6)
Scrolls
 f - a scroll of fog
 h - a scroll of silence
 j - 5 scrolls of teleportation
 s - a scroll of identify
 t - a scroll of holy word {unknown}
Potions
 d - 4 potions of curing
 e - 2 potions of brilliance
 g - 2 potions of lignification
 l - 2 potions of berserk rage
 n - a potion of mutation {unknown}
 o - a potion of resistance {unknown}


   Skills:
 + Level 4.6 Fighting
 * Level 6.2 Long Blades
 * Level 7.4 Armour
 + Level 4.3 Dodging
 * Level 7.3 Shields
 + Level 4.9 Invocations
 + Level 3.3 Evocations


You had 8 spell levels left.
You didn't know any spells.
Your spell library contained the following spells:

 Spells                   Type           Power      Damage    Failure   Level
 Inner Flame              Hex/Fire       0%         N/A       100%        3
 Ozocubu's Armour         Ice            0%         N/A       100%        3
 Stone Arrow              Conj/Erth      0%         3d7       100%        3
 Animate Armour           Summ/Erth      0%         N/A       100%        4
 Cause Fear               Hex            0%         N/A       100%        4
 Metabolic Englaciation   Hex/Ice        0%         N/A       100%        5
 Simulacrum               Ice/Necr       0%         N/A       100%        6
 Discord                  Hex            0%         N/A       100%        8
 Lehudib's Crystal Spear  Conj/Erth      0%         10d2      100%        8


Dungeon Overview and Level Annotations

Branches:
Dungeon (8/15)             Temple (0/1) D:7
   Lair: D:8-11

Altars:
Ashenzari
Cheibriados
Kikubaaqudgha
Makhleb
Qazlal
Ru
Wu Jian
Yredelemnul
The Shining One

Shops:
D:1 ?:?*=   D:2 ?   D:4 !


Innate Abilities, Weirdness & Mutations

You are resistant to damage.
You can heal yourself by infusing magical energy.
You passively map the area around you.
You do not regenerate.


Message History

The orc wizard gestures at you while chanting.
The puff of flame misses you.
Unknown command.
You slash the orc wizard!
You kill the orc wizard!
Makhleb accepts your kill.
You hit the orc but do no damage. The orc closely misses you.
The orc warrior hits you with a +2 long sword of holy wrath.
You closely miss the orc. The orc closely misses you.
You block the orc warrior's attack.
You hit the orc but do no damage. The orc hits you but does no damage.
The orc warrior hits you with a +2 long sword of holy wrath!
You barely miss the orc. The orc hits you with a +0 falchion.
You block the orc warrior's attack.
You hit the orc.
You kill the orc!
Makhleb accepts your kill.
The orc warrior hits you but does no damage.
The orc warrior hits you but does no damage.
Items here: )) [[ †.
You feel much better. The orc warrior barely misses you.
You closely miss the orc warrior.
The orc warrior hits you but does no damage.
You closely miss the orc warrior. The orc warrior barely misses you.
You slash the orc warrior!
The orc warrior is moderately wounded.
The orc warrior hits you with a +2 long sword of holy wrath!
You hit the orc warrior.
The orc warrior is heavily wounded.
The orc warrior closely misses you.
The orc warrior hits you with a +2 long sword of holy wrath!
* * * LOW HITPOINT WARNING * * *
You closely miss the orc warrior.
The orc warrior is heavily wounded.
The orc warrior hits you with a +2 long sword of holy wrath!!
* * * LOW HITPOINT WARNING * * *
You closely miss the orc warrior.
The orc warrior is heavily wounded.
The orc warrior hits you with a +2 long sword of holy wrath!
You die...

######## .......# .......#
.......#############
................@o>#
.......########.##.# .......#
#.....#.######### .......#
#.##..#.##......# .......###
#.##..#.##.####.# .........#
#.#...#.##.#.##.# .........#
#<##..#.##.#.[..#
.........#####...#.##.#.########
......................#.#......#


You could see an orc warrior.

Vanquished Creatures
  Pikel (D:4)
  Grinder (D:5)
  Sigmund (D:5)
  Edmund (D:6)
  A sky beast (D:5)
  Duvessa (D:7)
  2 ice beasts
  A phantom (D:7)
  Blork the orc (D:6)
  2 kobold brigands
  2 bullfrogs
  A scorpion (D:5)
  A water moccasin zombie (D:5)
  Dowan (D:7)
  An electric eel (D:7)
  5 howler monkeys
  A quasit (D:6)
  2 bullfrog zombies
  3 bullfrog skeletons
  2 jellies
  2 centaur skeletons (D:6)
  A hound (D:6)
  An orc priest (D:5)
  Jessica (D:3)
  An iguana (D:7)
  5 orc wizards
  A howler monkey zombie (D:6)
  A howler monkey skeleton (D:4)
  2 adders
  A white imp (D:5)
  2 ufetubi
  4 worms
  An adder skeleton (D:5)
  2 dart slugs
  13 orcs
  5 endoplasms
  3 giant cockroaches
  8 goblins
  6 hobgoblins
  6 jackals
  4 quokkas
  5 ball pythons
  2 bats (D:1)
  3 frilled lizards (D:2)
  A goblin skeleton (D:6)
  3 hobgoblin zombies (D:6)
  8 kobolds
  2 kobold skeletons (D:6)
  2 orc skeletons (D:6)
  An orc zombie (D:6)
  7 rats
135 creatures vanquished.

Notes
Turn   | Place    | Note
-------+----------+-------------------------------------------
     0 | D:1      | timneilson the Deep Dwarf Fighter began the quest for the
                  | Orb.
     0 | D:1      | Reached XP level 1. HP: 20/20 MP: 1/1
    80 | D:1      | Found Rufunorgh's Magic Scroll Shoppe.
    95 | D:1      | Found Tacwyw's Book Boutique.
   150 | D:1      | Found Duoh Sif's Jewellery Shoppe.
   154 | D:1      | Reached XP level 2. HP: 21/27 MP: 2/2
   183 | D:1      | Found Apsocap's Magic Scroll Shop.
   314 | D:1      | Found Zaofen's General Store.
   723 | D:2      | Reached XP level 3. HP: 33/33 MP: 3/3
   832 | D:2      | Reached skill level 1 in Dodging
  1291 | D:2      | Found Boewnoje's Magic Scroll Shop.
  1626 | D:3      | Noticed Jessica
  1630 | D:3      | Killed Jessica
  1631 | D:3      | Reached XP level 4. HP: 25/42 MP: 4/4
  1755 | D:3      | Found a faded altar of an unknown god.
  1888 | D:3      | Found a burning altar of Makhleb.
  1893 | D:3      | Became a worshipper of Makhleb the Destroyer
  1953 | D:3      | Found a stormy altar of Qazlal.
  1958 | D:3      | Found an ornate altar of the Wu Jian Council.
  1979 | D:3      | Found a basalt altar of Yredelemnul.
  2155 | D:3      | Found a broken altar of Ashenzari.
  2489 | D:4      | Reached XP level 5. HP: 31/49 MP: 5/5
  2513 | D:4      | Reached skill level 1 in Invocations
  2545 | D:4      | Found Sohe's Distillery.
  2730 | D:4      | Noticed a lemure
  2731 | D:4      | Noticed Pikel
  2737 | D:4      | Noticed a lemure
  2738 | D:4      | Noticed a lemure
  2739 | D:4      | Noticed a lemure
  2749 | D:4      | Killed Pikel
  2750 | D:4      | Reached skill level 5 in Armour
  2750 | D:4      | Reached skill level 5 in Shields
  2750 | D:4      | Reached XP level 6. HP: 19/57 MP: 6/8
  2750 | D:4      | Reached XP level 7. HP: 21/63 MP: 6/9
  3167 | D:5      | Entered Level 5 of the Dungeon
  3168 | D:5      | Noticed Sigmund
  3205 | D:5      | Killed Sigmund
  3282 | D:5      | Noticed Grinder
  3300 | D:5      | Paralysed by Grinder for 6 turns
  3309 | D:5      | Killed Grinder
  3309 | D:5      | Reached * piety under Makhleb
  3310 | D:5      | Reached skill level 1 in Evocations
  3310 | D:5      | Reached XP level 8. HP: 25/72 MP: 9/9
  3327 | D:5      | Reached skill level 5 in Long Blades
  3572 | D:5      | Found a sacrificial altar of Ru.
  3912 | D:6      | Noticed Edmund
  4105 | D:6      | Found a glowing golden altar of the Shining One.
  4129 | D:6      | Paralysed by Edmund for 7 turns
  4163 | D:6      | Killed Edmund
  4193 | D:6      | Gained mutation: You passively map the area around you.
                  | [Deep Dwarf growth]
  4193 | D:6      | Reached XP level 9. HP: 39/79 MP: 10/10
  4257 | D:6      | Found a snail-covered altar of Cheibriados.
  4497 | D:6      | Noticed Blork the orc
  4507 | D:6      | Killed Blork the orc
  4698 | D:7      | Found an ancient bone altar of Kikubaaqudgha.
  4816 | D:7      | Reached ** piety under Makhleb
  5128 | D:7      | Found a staircase to the Ecumenical Temple.
  5268 | D:7      | Noticed Dowan
  5270 | D:7      | Noticed Duvessa
  5278 | D:7      | Killed Duvessa
  5283 | D:7      | Killed Dowan
  5380 | D:7      | Mangled by an orc warrior

Illustrated notes

Levels and vault maps discovered:
D:1:      onia_arrival_pyramid, layout_basic, serial_shops, shop,
          nicolae_shop_waterfront, nicolae_shop_advertising_works
          [nicolae_subvault_shop_adworks], shop, shop,
          kennysheep_decorative_pillar
D:2:      layout_loops_corners, serial_shops, shop, serial_glass,
          glass_columns_a, glass_columns_a, item_on_display_a,
          item_on_display_a, minmay_strange_pillars, feat_on_display,
          minmay_tromino_mix6
D:3:      layout_basic, lightli_temple_of_fire, overflow_temple_1_default,
          nicolae_ashenzari_skybound, mainiacjoe_overflow_large_starburst,
          shapermc_ecumenical_altar_gd, uniq_jessica
D:4:      layout_loops_ring, serial_shops, shop_statue, uniq_pikel
D:5:      wander_river, layout_cave_pools, mainiacjoe_overflow_24_doors,
          uniq_grinder, uniq_sigmund
D:6:      layout_loops_ring, nicolae_tso_besieged_by_evil, lemuel_crystal_altar,
          uniq_blork_the_orc, uniq_edmund
D:7:      layout_basic, kiku_gazebo_pond_becter, temple_pool_b,
          nicolae_water_bricks, uniq_duvessa
D:8:      layout_loops_cross, lair_entry_dummy, uniq_psyche

Skill      XL: |  1  2  3  4  5  6  7  8  9 |
---------------+----------------------------+-----
Fighting       | 3 4 |  4.6
Dodging        | 1 2 3 4 |  4.3
Armour         | 4 5 6 7 |  7.4
Shields        | 4 5 6 7 |  7.3
Long Blades    | 3 4 5 6 |  6.2
Invocations    | 2 3 4 |  4.9
Evocations     | 1 2 3 |  3.3

Action                   |  1- 3 |  4- 6 |  7- 9 || total
-------------------------+-------+-------+-------++-------
Melee: Long sword        |   148 |    69 |   339 ||   556
 Abil: Heal Wounds       |     1 |     2 |    18 ||    21
  Use: Scroll            |     5 |       |     7 ||    12
       Potion            |       |     1 |       ||     1
Armor: Scale mail        |    57 |    21 |   105 ||   183
       Chain mail        |       |       |     4 ||     4
Dodge: Dodged            |    44 |    30 |   144 ||   218
Block: Buckler           |    31 |     9 |    69 ||   109

Table legend: (Time is in decaauts)
 A = Elapsed time spent in this place.
 B = Non-inter-level travel time spent in this place.
 C = Inter-level travel time spent in this place.
 D = Time resting spent in this place.
 E = Time spent auto-exploring this place.
 F = Levels seen in this place.
 G = Mean time per level.
                   A        B        C        D        E       F      G
               +--------+--------+--------+--------+--------+-----+--------+
         Total |   5490 |   5299 |    191 |     57 |   3659 |   8 |  686.2 |
       Dungeon |   5490 |   5299 |    191 |     57 |   3659 |   8 |  686.2 |
               +--------+--------+--------+--------+--------+-----+--------+

Top non-repeatable levels by time:
     D:2: 932 daAuts
     D:3: 833 daAuts
     D:5: 766 daAuts
     D:6: 751 daAuts
     D:4: 743 daAuts
     D:7: 729 daAuts
     D:1: 729 daAuts
     D:8: 4 daAuts
